 Dungeon Crawl Stone Soup version 0.22-a0-782-g038298e (webtiles) character file.

91941 jerryfan the Carver (level 16, -2/122 HPs)
             Began as a Gnoll Wanderer on July 19, 2018.
             Was the Champion of Cheibriados.
             Killed from afar by a shock serpent (15 damage)
             ... with a bolt of electricity
             ... on level 1 of the Snake Pit on July 20, 2018.
             The game lasted 03:04:21 (24491 turns).

jerryfan the Carver (Gnoll Wanderer)               Turns: 24491, Time: 03:04:22

Health: -2/122     AC: 19    Str: 46    XL:     16   Next: 4%
Magic:  18/31      EV: 26    Int: 33    God:    Cheibriados [******]
Gold:   2015       SH: 17    Dex: 37    Spells: 4/37 levels left

rFire    . . .     SeeInvis .   N - +4 broad axe of Might {holy, +Inv rPois Dex+3}
rCold    . . .     Gourm    .   S - +0 shield
rNeg     + + .     Faith    .   x - +4 ring mail of Jakkatre {Regen+ Str+3 Dex+3 Slay+2}
rPois    +         Spirit   .   n - +2 hat
rElec    .         Reflect  .   H - +2 cloak of the Circus Animal {*Slow rN++ Str+4}
rCorr    .         Harm     .   j - +1 pair of gloves
MR       ++...                  (no boots)
Stlth    ++........             i - amulet of regeneration
HPRegen  1.10/turn              h - ring of wizardry
MPRegen  0.22/turn              J - +3 ring of evasion

@: mighty, contaminated, glowing, invisible (but backlit and visible), very slow
A: distributed training, fangs 1, blink, clever 1, magic resistance 1, subdued
magic 1, strong nose
a: Blink, Bend Time, Temporal Distortion, Slouch, Step From Time, Renounce
Religion


You were on level 1 of the Snake Pit.
You worshipped Cheibriados.
Cheibriados was exalted by your worship.
You were not hungry.

You visited 6 branches of the dungeon, and saw 25 of its levels.
You also visited: Labyrinth, Ossuary, Bailey and Volcano.

You collected 2426 gold pieces.
You spent 411 gold pieces at shops.

Inventory:

Hand Weapons
 a - a +2 great sword of flaming
 k - a +7 antimagic demon blade
 C - a +2 trident of venom
 E - the +5 trident "Ewehergh" {flame, rF+ MR+ Int+2 Stlth+}
   (You found it on level 5 of the Lair of Beasts)

   It has been specially enchanted to burn those struck by it, causing extra
   injury to most foes and up to half again as much damage against particularly
   susceptible opponents.
   It affects your intelligence (+2).
   It protects you from fire.
   It affects your resistance to hostile enchantments.
   It makes you more stealthy.
 F - the +11 plutonium sword {*Contam Stlth-}
   (You found it in a labyrinth)

   It causes magical contamination when unequipped.
   It makes you less stealthy.
 K - the +8 rapier of Untruth {antimagic, -Tele *Noise rElec Str+8}
   (You bought it in a shop on level 2 of the Orcish Mines)

   It reduces the magical energy of the wielder, and disrupts the spells and
   magical abilities of those hit.
   Natural abilities and divine invocations are not affected.
   It affects your strength (+8).
   It insulates you from electricity.
   It may make noises in combat.
   It prevents most forms of teleportation.
 L - a +2 blowgun
 N - the +4 broad axe of Might (weapon) {holy, +Inv rPois Dex+3}
   (You found it on level 8 of the Dungeon)

   It has been blessed by the Shining One to cause great damage to the undead
   and demons.
   It affects your dexterity (+3).
   It protects you from poison.
   It lets you turn invisible.
 P - the +10 dagger "Imp's Bane" {freeze, +Inv}
   (You found it on level 5 of the Lair of Beasts)

   It has been specially enchanted to freeze those struck by it, causing extra
   injury to most foes and up to half again as much damage against particularly
   susceptible opponents.
   It can also slow down cold-blooded creatures.
   It lets you turn invisible.
Missiles
 o - 48 poisoned needles
 p - 3 curare-tipped needles
 w - 16 javelins of returning (quivered)
Armour
 j - a +1 pair of gloves (worn)
 n - a +2 hat (worn)
 x - the +4 ring mail of Jakkatre (worn) {Regen+ Str+3 Dex+3 Slay+2}
   (You found it on level 6 of the Lair of Beasts)

   It affects your strength (+3).
   It affects your dexterity (+3).
   It affects your accuracy and damage with ranged weapons and melee attacks
   (+2).
   It increases your rate of regeneration.
 A - a scarf of spirit shield
 H - the +2 cloak of the Circus Animal (worn) {*Slow rN++ Str+4}
   (You acquired it on level 5 of the Lair of Beasts)

   It affects your strength (+4).
   It greatly protects you from negative energy.
   It may slow you when you take damage.
 S - a +0 shield (worn)
 Y - a +2 chain mail of fire resistance
Jewellery
 e - an uncursed ring of wizardry
 h - a ring of wizardry (left hand)
 i - an amulet of regeneration (around neck)
 J - a +3 ring of evasion (right hand)
 W - an uncursed ring of protection from fire
 Z - an uncursed ring of protection from cold
Wands
 c - a wand of paralysis (17)
 y - a wand of iceblast (17)
 B - a wand of acid (8)
 I - a wand of polymorph (7)
 Q - a wand of clouds (4)
 R - a wand of flame (42)
 U - a wand of enslavement (12)
 X - a wand of digging (15)
Scrolls
 b - 11 scrolls of teleportation
 g - 5 scrolls of identify
 l - 3 scrolls of magic mapping
 s - a scroll of fear
 z - 8 scrolls of remove curse
 D - 3 scrolls of fog
Potions
 d - a potion of agility
 q - 6 potions of curing
 r - 5 potions of flight
 t - a potion of might
 u - 3 potions of resistance
 v - 4 potions of cancellation
 M - a potion of ambrosia
 O - 2 potions of brilliance
 T - a potion of lignification
Miscellaneous
 m - a lamp of fire
 G - a phantom mirror
Comestibles
 f - 35 rations


   Skills:
 + Level 10.0 Fighting
 + Level 10.0 Short Blades
 + Level 12.7 Long Blades
 + Level 10.0 Axes
 + Level 10.0 Maces & Flails
 + Level 10.0 Polearms
 + Level 10.0 Staves
 + Level 10.0 Slings
 + Level 10.0 Bows
 + Level 10.0 Crossbows
 + Level 11.0 Throwing
 + Level 10.0 Armour
 + Level 10.0 Dodging
 + Level 10.3 Stealth
 + Level 10.0 Shields
 + Level 10.0 Unarmed Combat
 + Level 11.1 Spellcasting
 + Level 8.5 Conjurations
 + Level 8.8 Hexes
 + Level 8.5 Charms
 + Level 8.5 Summonings
 + Level 8.5 Necromancy
 + Level 8.5 Translocations
 + Level 8.5 Transmutations
 + Level 8.5 Fire Magic
 + Level 8.5 Ice Magic
 + Level 8.5 Air Magic
 + Level 8.5 Earth Magic
 + Level 8.5 Poison Magic
 + Level 10.9 Invocations
 + Level 10.0 Evocations


You had 4 spell levels left.
You knew the following spells:

 Your Spells              Type           Power        Failure   Level  Hunger
a - Tukima's Dance        Hex            ######..     1%          3    None
b - Dazzling Spray        Conj/Hex       ######       1%          3    None
c - Confuse               Hex            ######..     1%          3    None
d - Ensorcelled Hibernat  Hex/Ice        ######       1%          2    None
e - Stone Arrow           Conj/Erth      ######       1%          3    None
f - Passwall              Tmut/Erth      ######..     1%          2    None
g - Mephitic Cloud        Conj/Pois/Air  ######..     1%          3    None
h - Airstrike             Air            ######....   1%          4    None
i - Aura of Abjuration    Summ           ######....   1%          5    ##.....
j - Lightning Bolt        Conj/Air       ######....   1%          5    ##.....

Your spell library contained the following spells:

 Spells                   Type           Power        Failure   Level  Hunger
 Cause Fear               Hex            ######....   1%          4    None
 Apportation              Tloc           ######       1%          1    None
 Conjure Flame            Conj/Fire      ######..     1%          3    None
 Bolt of Fire             Conj/Fire      ######....   9%          6    ####...
 Invisibility             Hex            ######..     9%          6    ####...
 Controlled Blink         Tloc           N/A          98%         8    #######
 Lehudib's Crystal Spear  Conj/Erth      ######....   98%         8    #######
 Fire Storm               Conj/Fire      ######....   100%        9    #######
 Animate Dead             Necr           N/A          1%          4    None
 Pain                     Necr           ####         1%          1    None
 Animate Skeleton         Necr           N/A          1%          1    None
 Vampiric Draining        Necr           ######....   1%          3    None
 Poison Arrow             Conj/Pois      ######....   9%          6    ####...
 Regeneration             Chrm/Necr      ######....   1%          3    None
 Summon Demon             Summ           ######....   1%          5    ##.....
 Iron Shot                Conj/Erth      ######....   9%          6    ####...
 Shock                    Conj/Air       ####         1%          1    None
 Swiftness                Chrm/Air       ######..     1%          2    None
 Recall                   Summ/Tloc      N/A          1%          3    None
 Statue Form              Tmut/Erth      ######...    9%          6    ####...
 Dragon Form              Tmut           ######....   45%         7    ######.
 Glaciate                 Conj/Ice       ######....   100%        9    #######
 Shadow Creatures         Summ           N/A          9%          6    ####...
 Flame Tongue             Conj/Fire      #####        1%          1    None
 Summon Butterflies       Summ           ######..     1%          1    None
 Static Discharge         Conj/Air       ######..     1%          3    None
 Corona                   Hex            ######.      1%          1    None
 Alistair's Intoxication  Tmut/Pois      ######..     1%          5    ##.....
 Sandblast                Erth           ######       1%          1    None
 Chain Lightning          Conj/Air       ######....   98%         8    #######
 Portal Projectile        Hex/Tloc       ######       1%          3    None
 Passage of Golubria      Tloc           N/A          1%          4    None
 Beastly Appendage        Tmut           ######       1%          1    None
 Summon Forest            Summ/Tloc      ######....   1%          5    ##.....
 Dragon's Call            Summ           ######....   100%        9    #######
 Summon Mana Viper        Hex/Summ       ######..     1%          5    ##.....
 Hydra Form               Tmut           ######....   9%          6    ####...
 Lesser Beckoning         Tloc           ######....   1%          3    None


Dungeon Overview and Level Annotations

Branches:
Dungeon (14/15) Temple (1/1) D:6 Lair (6/6) D:8 Shoals (1/4) Lair:4 Snake (1/4) Lair:4 Slime (0/5) Lair:5 Orc (2/2) D:11 Elf (0/3) Orc:2 Vaults (0/5) D:13 D:14

Altars:
Ashenzari
Cheibriados
Dithmenos
Elyvilon
Fedhas
Gozag
Hepliaklqana
Kikubaaqudgha
Makhleb
Nemelex Xobeh
Okawaru
Qazlal
Ru
Sif Muna
Trog
Uskayaw
Vehumet
Wu Jian
Xom
Yredelemnul
Zin
The Shining One
Beogh
Jiyva

Shops:
Orc:2 [=(*

Annotations:
D:2 1 runed door
D:8 2 runed doors
D:9 1 exclusion, Erolcha
D:11 exclusion: downstairs
D:12 exclusions: 2 doors and 4 more exclusions
D:14 Rupert


Innate Abilities, Weirdness & Mutations

Your experience applies equally to all skills.
You have very sharp teeth.
Your uncanny sense of smell can sniff out nearby items.
You can translocate small distances at will.
Your mind is acute. (Int +2)
You are resistant to hostile enchantments. (MR+)
Your spells are a little easier to cast, but a little less powerful.


Message History

The bolt of electricity hits you!
* * * LOW HITPOINT WARNING * * *
You fade into invisibility!
You are contaminated with residual magic.
You feel quite a bit more hungry. You block the water moccasin's attack.
The shock serpent completely misses you.
You block the water moccasin's attack.
You blink.
You feel slightly more hungry.
A black mamba comes into view.
Press: ? - help, v - describe, . - travel
Here: a shock serpent (heavily wounded)
The floor.
You blink.
You feel slightly more hungry.
The shock serpent shoots out a bolt of lightning at you!
The bolt of electricity misses you.
An adder comes into view.
The adder moves out of view.
The shock serpent shoots out a bolt of lightning at you!
The bolt of electricity hits you!
You die...

####....##S## ....
.#..........# ##.......
......).....##...# ..
...##...##.....# ..#
..##รท)<..##...## ..#
..#.......#....## ...#
................##...#..
......>......S#.........
...............#@..##..
..#$......#..#.SS###
..##.....##..#..##
...##...##...##.# ...
#.# .. ..# . ... ###. #


You could see a shock serpent and a water moccasin.

Vanquished Creatures
  Gastronok (D:11)
  2 orc warlords
  A stone giant (Orc:2)
  A minotaur (Lab)
  3 ettins
  A merfolk impaler (Shoals:1)
  7 hydras
  2 catoblepae (Lair:4)
  An anaconda (Snake:1)
  A merfolk aquamancer (Shoals:1)
  3 two-headed ogres
  Urug (Orc:1)
  The ghost of Tovarisch the Cleaver, a novice DDNe (D:8)
  Pikel (D:7)
  3 lindwurms
  A naga ritualist (Snake:1)
  2 orc knights
  A mana viper (Snake:1)
  2 ugly things (D:13)
  A merfolk siren (Lair:4)
  10 cyclopes
  8 elephants
  A naga mage (Snake:1)
  8 black mambas
  2 guardian serpents (Snake:1)
  Psyche (D:11)
  2 molten gargoyles (Volcano)
  A gargoyle (D:13)
  4 rime drakes
  7 komodo dragons
  6 spiny frogs
  4 polar bears (Lair:6)
  A queen bee (Lair:4)
  4 trolls
  3 hornets (Lair:6)
  6 meliai
  A blink frog (Lair:4)
  A dream sheep (Lair:6)
  9 hippogriffs
  Sigmund (D:3)
  2 vampires
  15 spriggans
  2 wraiths
  A basilisk (Lair:4)
  4 dancing weapons
  39 yaks
  4 wyverns
  A hungry ghost (D:8)
  A fire elemental (Volcano)
  Grum (D:11)
  2 wargs (Orc:1)
  An acid dragon (D:13)
  4 nagas
  11 water moccasins
  33 orc warriors
  8 porcupines
  5 black bears
  A slave (D:7)
  3 eyes of draining (D:5)
  3 sky beasts
  6 ogres
  2 necrophages
  A phantom (D:11)
  4 boggarts (Lair:6)
  23 wolves
  13 centaurs
  10 crocodiles
  16 bullfrogs
  4 earth elementals (Volcano)
  A water moccasin zombie (D:8)
  2 scorpions (D:9)
  49 killer bees
  4 wights (D:6)
  3 howler monkeys (D:10)
  A centaur zombie (D:5)
  4 bullfrog zombies
  5 crimson imps
  2 human zombies
  6 hounds
  A gnoll shaman (D:8)
  3 jellies
  11 orc priests
  A quasit (D:12)
  4 centaur skeletons
  Terence (D:3)
  3 bullfrog skeletons
  4 iguanas
  11 orc wizards
  5 hell rats
  7 worker ants
  A hound zombie (D:7)
  3 mummies (Ossuary)
  A hound skeleton (D:9)
  2 howler monkey zombies
  3 worker ant zombies
  A howler monkey skeleton (D:10)
  13 adders
  10 gnolls
  3 shadow imps
  An ooze (D:1)
  A worm zombie (D:4)
  An adder zombie (D:8)
  2 adder skeletons
  2 worms (D:3)
  3 dart slugs
  2 leopard geckos
  95 orcs
  2 giant cockroaches
  A gnoll zombie (D:4)
  31 goblins
  24 hobgoblins
  6 jackals
  A quokka (D:6)
  A ball python (D:1)
  9 bats
  3 frilled lizards
  3 goblin zombies (Ossuary)
  2 hobgoblin zombies (Ossuary)
  7 kobolds
  2 kobold zombies (Ossuary)
  A leopard gecko skeleton (D:7)
  A quokka skeleton (D:2)
  9 rats
  2 fire vortices (Volcano)
  3 fungi
  A plant (Lair:4)
717 creatures vanquished.

Vanquished Creatures (collateral kills)
  An ettin (Orc:2)
  3 two-headed ogres (D:13)
  An orc knight (Orc:1)
  2 orc warriors (D:11)
  2 ogres
  A wight (D:6)
  An orc priest (D:12)
  4 orcs
15 creatures vanquished.

Vanquished Creatures (others)
  14 dancing weapons
  A killer bee (Lair:4)
  A quokka skeleton (D:6)
  7 fungi
  2 plants
25 creatures vanquished.

Grand Total: 757 creatures vanquished

Notes
Turn   | Place    | Note
-------+----------+-------------------------------------------
     0 | D:1      | jerryfan the Gnoll Wanderer began the quest for the Orb.
     0 | D:1      | jerryfan set off with: a +0 robe, a +0 club, a ration
     0 | D:1      | Reached XP level 1. HP: 13/13 MP: 6/6
   129 | D:1      | Reached XP level 2. HP: 6/19 MP: 7/7
  1148 | D:1      | Reached skill level 5 in Spellcasting
  1148 | D:1      | Reached XP level 3. HP: 18/25 MP: 7/9
  1979 | D:2      | Reached skill level 1 in Invocations
  2155 | D:2      | Found a runed door.
  2263 | D:2      | Reached skill level 1 in Fighting
  2263 | D:2      | Reached skill level 1 in Short Blades
  2263 | D:2      | Reached skill level 1 in Axes
  2263 | D:2      | Reached skill level 1 in Maces & Flails
  2263 | D:2      | Reached skill level 1 in Polearms
  2263 | D:2      | Reached skill level 1 in Staves
  2263 | D:2      | Reached skill level 1 in Slings
  2263 | D:2      | Reached skill level 1 in Bows
  2263 | D:2      | Reached skill level 1 in Crossbows
  2263 | D:2      | Reached skill level 1 in Armour
  2263 | D:2      | Reached skill level 1 in Dodging
  2263 | D:2      | Reached skill level 1 in Shields
  2263 | D:2      | Reached skill level 1 in Unarmed Combat
  2263 | D:2      | Reached skill level 1 in Evocations
  2267 | D:2      | HP: 1/26 [poisoned by an adder]
  2272 | D:2      | HP: 1/26 [poisoned by an adder]
  2279 | D:2      | HP: 1/26 [poisoned by an adder]
  2532 | D:2      | Reached XP level 4. HP: 16/32 MP: 11/11
  3049 | D:3      | Noticed Terence
  3118 | D:3      | Learned a level 3 spell: Tukima's Dance
  3122 | D:3      | Learned a level 3 spell: Dazzling Spray
  3126 | D:3      | Learned a level 3 spell: Confuse
  3129 | D:3      | Learned a level 2 spell: Ensorcelled Hibernation
  3192 | D:3      | Reached skill level 1 in Conjurations
  3192 | D:3      | Reached skill level 1 in Charms
  3192 | D:3      | Reached skill level 1 in Summonings
  3192 | D:3      | Reached skill level 1 in Necromancy
  3192 | D:3      | Reached skill level 1 in Translocations
  3192 | D:3      | Reached skill level 1 in Transmutations
  3192 | D:3      | Reached skill level 1 in Fire Magic
  3192 | D:3      | Reached skill level 1 in Ice Magic
  3192 | D:3      | Reached skill level 1 in Air Magic
  3192 | D:3      | Reached skill level 1 in Earth Magic
  3192 | D:3      | Reached skill level 1 in Poison Magic
  3442 | D:3      | Killed Terence
  3442 | D:3      | Reached XP level 5. HP: 36/37 MP: 3/12
  3524 | D:3      | Noticed Sigmund
  3760 | D:3      | Learned a level 3 spell: Stone Arrow
  3924 | D:3      | Found a sparkling altar of Nemelex Xobeh.
  3926 | D:3      | Found a radiant altar of Vehumet.
  3928 | D:3      | Found a hide-covered altar of Uskayaw.
  3979 | D:3      | Killed Sigmund
  3979 | D:3      | Reached XP level 6. HP: 24/44 MP: 7/14
  4734 | D:4      | Found a sand-covered staircase.
  4747 | Ossuary  | Entered an ossuary
  4747 | Ossuary  | Noticed a wraith
  4747 | Ossuary  | Noticed a wraith
  4747 | Ossuary  | Noticed a wraith
  4790 | Ossuary  | Reached skill level 5 in Throwing
  5181 | Ossuary  | Noticed a wraith
  6155 | D:5      | Entered Level 5 of the Dungeon
  6247 | D:5      | Reached XP level 7. HP: 34/50 MP: 3/15
  6366 | D:5      | Found an ancient bone altar of Kikubaaqudgha.
  6948 | D:5      | Reached skill level 9 in Long Blades
  7149 | D:5      | Found a bloodstained altar of Trog.
  7173 | D:5      | Reached XP level 8. HP: 57/57 MP: 0/16
  7950 | D:6      | Found a staircase to the Ecumenical Temple.
  8627 | Temple   | Entered the Ecumenical Temple
  8852 | Temple   | Became a worshipper of Cheibriados the Contemplative
  8991 | D:7      | Noticed a spriggan baker
  8993 | D:7      | Killed a spriggan baker
  8993 | D:7      | Reached XP level 9. HP: 65/65 MP: 18/18
  9008 | D:7      | Found a shadowy altar of Dithmenos.
  9378 | D:7      | Found a glowing silver altar of Zin.
  9505 | D:7      | Found a hazy altar of Hepliaklqana.
  9652 | D:7      | Noticed Pikel
  9673 | D:7      | Killed Pikel
  9673 | D:7      | Reached skill level 5 in Stealth
  9813 | D:7      | Reached * piety under Cheibriados
  9819 | D:7      | Reached skill level 5 in Invocations
  9913 | D:8      | Found a staircase to the Lair.
  9938 | D:8      | Reached XP level 10. HP: 35/73 MP: 5/20
  9940 | D:8      | Identified Roluilin's Grimoire of Shape Shifting
  9998 | D:8      | Learned a level 2 spell: Passwall
 10093 | D:8      | Noticed a two-headed ogre
 10099 | D:8      | Killed a two-headed ogre
 10099 | D:8      | Reached skill level 5 in Fighting
 10099 | D:8      | Reached skill level 5 in Short Blades
 10099 | D:8      | Reached skill level 5 in Axes
 10099 | D:8      | Reached skill level 5 in Maces & Flails
 10099 | D:8      | Reached skill level 5 in Polearms
 10099 | D:8      | Reached skill level 5 in Staves
 10099 | D:8      | Reached skill level 5 in Slings
 10099 | D:8      | Reached skill level 5 in Bows
 10099 | D:8      | Reached skill level 5 in Crossbows
 10099 | D:8      | Reached skill level 5 in Armour
 10099 | D:8      | Reached skill level 5 in Dodging
 10099 | D:8      | Reached skill level 5 in Shields
 10099 | D:8      | Reached skill level 5 in Unarmed Combat
 10099 | D:8      | Reached skill level 5 in Evocations
 10179 | D:8      | Found a runed gate.
 10180 | D:8      | Found a runed gate.
 10180 | D:8      | Found a runed gate.
 10184 | D:8      | Found a viscous altar of Jiyva.
 10184 | D:8      | Noticed Tovarisch's ghost (novice DDNe)
 10277 | D:8      | Found a large runed door.
 10277 | D:8      | Found a large runed door.
 10386 | D:8      | Found a large runed door.
 10386 | D:8      | Found a large runed door.
 10404 | D:8      | Noticed a two-headed ogre
 10405 | D:8      | Noticed a cyclops
 10420 | D:8      | Killed a two-headed ogre
 10420 | D:8      | Reached skill level 10 in Long Blades
 10457 | D:8      | Killed a cyclops
 10457 | D:8      | Reached skill level 5 in Hexes
 10588 | D:8      | Got a dazzling broad axe
 10589 | D:8      | Identified the +4 broad axe of Might {holy, +Inv rPois Dex+3} (You found it on level 8 of the Dungeon)
 10729 | D:8      | Reached ** piety under Cheibriados
 10763 | D:8      | Identified the Papyrus of Lightness and the Voyage
 10769 | D:8      | Learned a level 3 spell: Mephitic Cloud
 10859 | D:9      | Gained mutation: You can translocate small distances at will. [potion of mutation]
 10859 | D:9      | Gained mutation: Your spells are a little easier to cast, but a little less powerful. [potion of mutation]
 10859 | D:9      | Gained mutation: You are resistant to hostile enchantments. (MR+) [potion of mutation]
 10859 | D:9      | Gained mutation: Your mind is acute. (Int +2) [potion of mutation]
 11208 | D:9      | Found a blossoming altar of Fedhas.
 11209 | D:9      | Noticed Erolcha
 11269 | D:9      | You fall through a shaft for 2 floors!
 11295 | D:10     | Entered Level 10 of the Dungeon
 11363 | D:10     | Reached XP level 11. HP: 81/81 MP: 13/22
 11529 | D:10     | Reached *** piety under Cheibriados
 11702 | D:10     | Reached skill level 5 in Conjurations
 11702 | D:10     | Reached skill level 5 in Charms
 11702 | D:10     | Reached skill level 5 in Summonings
 11702 | D:10     | Reached skill level 5 in Necromancy
 11702 | D:10     | Reached skill level 5 in Translocations
 11702 | D:10     | Reached skill level 5 in Transmutations
 11702 | D:10     | Reached skill level 5 in Fire Magic
 11702 | D:10     | Reached skill level 5 in Ice Magic
 11702 | D:10     | Reached skill level 5 in Air Magic
 11702 | D:10     | Reached skill level 5 in Earth Magic
 11702 | D:10     | Reached skill level 5 in Poison Magic
 11923 | D:10     | Noticed a two-headed ogre
 11935 | D:10     | Killed a two-headed ogre
 12056 | D:11     | Noticed a cyclops
 12062 | D:11     | Noticed Grum
 12066 | D:11     | Killed a cyclops
 12077 | D:11     | Killed Grum
 12141 | D:11     | Reached **** piety under Cheibriados
 12304 | D:11     | Found a roughly hewn altar of Beogh.
 12311 | D:11     | Found a staircase to the Orcish Mines.
 12384 | D:11     | Noticed Gastronok
 12395 | D:11     | Learned a level 4 spell: Airstrike
 12535 | D:11     | Killed Gastronok
 12957 | D:11     | Noticed Psyche
 13010 | D:11     | Was placed under penance by Cheibriados
 13013 | D:11     | Killed Psyche
 13013 | D:11     | Was forgiven by Cheibriados
 13013 | D:11     | Reached XP level 12. HP: 88/88 MP: 22/24
 13279 | D:12     | Reached ***** piety under Cheibriados
 13527 | D:12     | Found a flagged portal.
 13545 | Bailey   | Entered a bailey
 13794 | Bailey   | Noticed an orc warlord
 13834 | Bailey   | Killed an orc warlord
 13834 | Bailey   | Reached skill level 11 in Long Blades
 13867 | Bailey   | Reached ****** piety under Cheibriados
 14379 | D:13     | Noticed a two-headed ogre
 14390 | D:13     | Killed a two-headed ogre
 14562 | D:13     | Found a radiant altar of Vehumet.
 14562 | D:13     | Noticed a two-headed ogre
 14584 | D:13     | Killed a two-headed ogre
 14801 | D:13     | Noticed a two-headed ogre
 14814 | D:13     | Killed a two-headed ogre
 14926 | D:13     | Identified a scroll of acquirement
 14927 | D:13     | Got a spiked chain mail
 14938 | D:13     | Identified the +0 chain mail "Reuner" {Slay+5} (You acquired it on level 13 of the Dungeon)
 15470 | D:14     | Found a gate to the Vaults.
 15470 | D:14     | Noticed a centaur warrior
 15470 | D:14     | Noticed Rupert
 15470 | D:14     | Noticed a two-headed ogre
 15483 | D:13     | Reached XP level 13. HP: 45/98 MP: 26/26
 15749 | Lair:1   | Entered Level 1 of the Lair of Beasts
 16036 | Lair:1   | Found a dark tunnel.
 16094 | Volcano  | Entered a volcano
 17096 | Lair:2   | Reached XP level 14. HP: 106/106 MP: 27/27
 17229 | Lair:2   | Reached skill level 10 in Spellcasting
 18637 | Lair:4   | Reached skill level 12 in Long Blades
 18637 | Lair:4   | Reached skill level 10 in Throwing
 18665 | Lair:4   | Found a staircase to the Snake Pit.
 19302 | Lair:4   | Reached XP level 15. HP: 111/113 MP: 29/29
 19426 | Lair:4   | Found a staircase to the Shoals.
 19588 | Lair:4   | Reached skill level 10 in Invocations
 19937 | Lair:5   | Identified the Tome of Dusty Contamination
 19991 | Lair:5   | Got a crude cloak
 20006 | Lair:5   | Identified the +2 cloak of the Circus Animal {*Slow rN++ Str+4} (You acquired it on level 5 of the Lair of Beasts)
 20093 | Lair:5   | Got a polished trident
 20094 | Lair:5   | Identified the +5 trident "Ewehergh" {flame, rF+ MR+ Int+2 Stlth+} (You found it on level 5 of the Lair of Beasts)
 20110 | Lair:5   | Found a labyrinth entrance.
 20121 | Lab      | Entered a labyrinth
 20948 | Lair:5   | Identified the +10 dagger "Imp's Bane" {freeze, +Inv} (You found it on level 5 of the Lair of Beasts)
 21018 | Lair:5   | Found a staircase to the Slime Pits.
 21199 | Lair:6   | Entered Level 6 of the Lair of Beasts
 21972 | Lair:6   | Learned a level 5 spell: Aura of Abjuration
 21978 | Lair:6   | Identified the +4 ring mail of Jakkatre {Regen+ Str+3 Dex+3 Slay+2} (You found it on level 6 of the Lair of Beasts)
 22201 | Lair:6   | Learned a level 5 spell: Lightning Bolt
 22614 | Orc:1    | Entered Level 1 of the Orcish Mines
 22772 | Orc:1    | Noticed an orc warlord
 22777 | Orc:1    | Reached skill level 10 in Stealth
 22791 | Orc:1    | Killed an orc warlord
 22937 | Orc:1    | Noticed Urug
 22963 | Orc:1    | Killed Urug
 23171 | Orc:2    | Entered Level 2 of the Orcish Mines
 23357 | Orc:2    | Found Pyunk's General Store.
 23455 | Orc:2    | Found a roughly hewn altar of Beogh.
 23486 | Orc:2    | Found a staircase to the Elven Halls.
 23517 | Orc:2    | Found Afaunwoq's Antique Weapon Boutique.
 23525 | Orc:2    | Bought a crystal rapier for 252 gold pieces
 23525 | Orc:2    | Identified the +8 rapier of Untruth {antimagic, -Tele *Noise rElec Str+8} (You bought it in a shop on level 2 of the Orcish Mines)
 23582 | Orc:2    | Found Ruevvoyfi's Antique Armour Emporium.
 23681 | Orc:2    | Bought a heavy robe for 159 gold pieces
 23683 | Orc:2    | Identified the +2 robe "Batwifits" {+Inv rElec MP-9 Dex-4} (You bought it in a shop on level 2 of the Orcish Mines)
 23745 | Orc:2    | Found Irrunilo's Jewellery Emporium.
 24126 | D:8      | Killed Tovarisch's ghost
 24282 | Shoals:1 | Entered Level 1 of the Shoals
 24322 | Shoals:1 | Reached skill level 10 in Fighting
 24322 | Shoals:1 | Reached skill level 10 in Short Blades
 24322 | Shoals:1 | Reached skill level 10 in Axes
 24322 | Shoals:1 | Reached skill level 10 in Maces & Flails
 24322 | Shoals:1 | Reached skill level 10 in Polearms
 24322 | Shoals:1 | Reached skill level 10 in Staves
 24322 | Shoals:1 | Reached skill level 10 in Slings
 24322 | Shoals:1 | Reached skill level 10 in Bows
 24322 | Shoals:1 | Reached skill level 10 in Crossbows
 24322 | Shoals:1 | Reached skill level 10 in Armour
 24322 | Shoals:1 | Reached skill level 10 in Dodging
 24322 | Shoals:1 | Reached skill level 10 in Shields
 24322 | Shoals:1 | Reached skill level 10 in Unarmed Combat
 24322 | Shoals:1 | Reached skill level 10 in Evocations
 24437 | Snake:1  | Entered Level 1 of the Snake Pit
 24443 | Snake:1  | Reached XP level 16. HP: 63/122 MP: 25/31
 24491 | Snake:1  | Killed from afar by a shock serpent

Vault maps used:
D:1:      scummos_arrival_checkerplants
D:2:      roderic_serpentine_path, dk_vineyard_1, uniq_crazy_yiuf_cottage
D:3:      minitemple, first_ration, uniq_terence, uniq_sigmund
D:4:      enter_ossuary_3
D:5:      kiku_gazebo_pond_becter, trog_eyes_of_draining
D:6:      minmay_temple_entry_butterflies
D:7:      overflow_temple_1_default, zin_scriptorium, grunt_dithmenos_smoke,
          columned_hall_lemuel, the_bakery, moated_statue, uniq_pikel
D:8:      lair_entry_dummy, gammafunk_ghost_ooze, minmay_misc_feat_alley,
          minmay_hollow_rounded_squares
D:9:      fedhas_altar_fruit_tree, eino_small_chamber_without_monster,
          kennysheep_generic_room_3, uniq_erolcha
D:10:     serial_glass, glass_columns_b, glass_columns_b
D:11:     david_orc_5, uniq_grum, uniq_gastronok, uniq_psyche
D:12:     enter_bailey_7
D:13:     basic_altar, hangedman_decor_opposing
D:14:     david_vaults_3, minmay_splitting_lines, minmay_three_doors
Temple:   dshaligram_water_room_temple
Lair:1:   nicolae_volcano_entry_hallway, grunt_megastairs_3
Lair:2:   minivault_19
Lair:3:   serial_bayou_ford_a
Lair:4:   regret_index_combs_of_tragedy, minmay_shoals_entry_lonely_mermaid,
          guppyfry_snake_entry_garden
Lair:5:   slime_dummy, lab_entry_generic
Lair:6:   minmay_lair_end_enchanted_forest, minivault_26
Shoals:1: argonaut_golden_fleece, nicolae_shoals_aquamancer_cove, uniq_aizul,
          uniq_josephine
Snake:1:  minmay_snake_river, evilmike_ambush
Orc:1:    uniq_urug
Orc:2:    grunt_orc_gardens, grunt_orc_garden, grunt_orc_garden,
          grunt_orc_garden, grunt_orc_garden, basic_altar
Lab:      labyrinth_watery
Ossuary:  ossuary_kennysheep_city_of_the_dead
Bailey:   bailey_axe_minmay_hex_keep, bailey
Volcano:  volcano_aerie

Skill      XL: |  1  2  3  4  5  6  7  8  9 10 11 12 13 14 15 16 |
---------------+-------------------------------------------------+-----
Hexes          | 2 3 4 5 6 7 8 |  8.8
Spellcasting   | 5 6 7 8 9 10 11 | 11.1
Invocations    | 1 2 3 4 5 6 7 8 9 10 | 10.9
Fighting       | 1 2 3 4 5 6 7 8 9 10 | 10.0
Short Blades   | 1 2 3 4 5 6 7 8 9 10 | 10.0
Axes           | 1 2 3 4 5 6 7 8 9 10 | 10.0
Maces & Flails | 1 2 3 4 5 6 7 8 9 10 | 10.0
Polearms       | 1 2 3 4 5 6 7 8 9 10 | 10.0
Staves         | 1 2 3 4 5 6 7 8 9 10 | 10.0
Slings         | 1 2 3 4 5 6 7 8 9 10 | 10.0
Bows           | 1 2 3 4 5 6 7 8 9 10 | 10.0
Crossbows      | 1 2 3 4 5 6 7 8 9 10 | 10.0
Armour         | 1 2 3 4 5 6 7 8 9 10 | 10.0
Dodging        | 1 2 3 4 5 6 7 8 9 10 | 10.0
Shields        | 1 2 3 4 5 6 7 8 9 10 | 10.0
Unarmed Combat | 1 2 3 4 5 6 7 8 9 10 | 10.0
Evocations     | 1 2 3 4 5 6 7 8 9 10 | 10.0
Conjurations   | 1 2 3 4 5 6 7 8 |  8.5
Charms         | 1 2 3 4 5 6 7 8 |  8.5
Summonings     | 1 2 3 4 5 6 7 8 |  8.5
Necromancy     | 1 2 3 4 5 6 7 8 |  8.5
Translocations | 1 2 3 4 5 6 7 8 |  8.5
Transmutations | 1 2 3 4 5 6 7 8 |  8.5
Fire Magic     | 1 2 3 4 5 6 7 8 |  8.5
Ice Magic      | 1 2 3 4 5 6 7 8 |  8.5
Air Magic      | 1 2 3 4 5 6 7 8 |  8.5
Earth Magic    | 1 2 3 4 5 6 7 8 |  8.5
Poison Magic   | 1 2 3 4 5 6 7 8 |  8.5
Stealth        | 3 4 5 6 7 8 9 10 | 10.3
Throwing       | 5 6 7 8 9 10 11 | 11.0
Long Blades    | 9 10 11 12 | 12.7

Action                   |  1- 3 |  4- 6 |  7- 9 | 10-12 | 13-15 | 16-18 || total
-------------------------+-------+-------+-------+-------+-------+-------++-------
Melee: Club              |   162 |   224 |       |       |       |       ||   386
       Bite              |    19 |    40 |    62 |    99 |   148 |     1 ||   369
       Staff             |     1 |       |    12 |       |       |       ||    13
       Falchion          |       |    27 |   162 |       |       |       ||   189
       Punch             |       |     5 |     9 |    18 |    14 |       ||    46
       Trident           |       |       |    54 |       |    12 |       ||    66
       Long sword        |       |       |   109 |    30 |       |       ||   139
       Broad axe         |       |       |       |   483 |   579 |     9 ||  1071
       Great sword       |       |       |       |       |    23 |       ||    23
       Dagger            |       |       |       |       |    19 |       ||    19
 Fire: Blowgun           |       |       |     2 |    20 |       |       ||    22
Throw: Tomahawk          |       |       |    10 |    36 |    22 |       ||    68
       Javelin           |       |       |       |       |    65 |    11 ||    76
 Cast: Dazzling Spray    |       |    11 |     4 |     2 |       |       ||    17
       Confuse           |       |     7 |     4 |    25 |    31 |       ||    67
       Tukima's Dance    |       |     8 |    25 |    36 |    22 |       ||    91
       Ensorcelled Hiber |       |     3 |     1 |     1 |       |       ||     5
       Stone Arrow       |       |    22 |    21 |     6 |    17 |       ||    66
       Mephitic Cloud    |       |       |       |     5 |     7 |       ||    12
       Passwall          |       |       |       |     1 |       |       ||     1
       Airstrike         |       |       |       |       |     5 |       ||     5
       Lightning Bolt    |       |       |       |       |     2 |       ||     2
Invok: Slouch            |       |       |       |     1 |     3 |       ||     4
       Step From Time    |       |       |       |       |     1 |     1 ||     2
 Abil: Evoke Invisibilit |       |       |       |     1 |       |     2 ||     3
       Blink             |       |       |       |       |     1 |     4 ||     5
Evoke: Wand              |       |       |     4 |    23 |     2 |       ||    29
  Use: Scroll            |     5 |     2 |     9 |    10 |    20 |       ||    46
       Potion            |     2 |     4 |     2 |     9 |    10 |     3 ||    30
 Stab: Sleeping          |    11 |     6 |     9 |    16 |    10 |       ||    52
       Invisible         |       |     3 |     1 |       |       |     1 ||     5
       Confused          |       |     3 |     3 |     7 |    14 |       ||    27
       Distracted        |       |     1 |     1 |     2 |     3 |       ||     7
       Paralysed         |       |       |     3 |    17 |       |       ||    20
  Eat: Chunk             |     4 |    10 |    14 |    11 |    13 |       ||    52
       Ration            |       |     2 |     1 |       |     2 |       ||     5
Armor: Robe              |    38 |    47 |     2 |     8 |     1 |       ||    96
       Skin              |       |    26 |       |       |       |       ||    26
       Leather armour    |       |       |    54 |       |       |       ||    54
       Troll leather arm |       |       |       |    64 |       |       ||    64
       Chain mail        |       |       |       |    21 |   165 |       ||   186
       Ring mail         |       |       |       |       |     7 |     3 ||    10
Dodge: Dodged            |   107 |   214 |   212 |   656 |   678 |    41 ||  1908
Block: Shield            |       |       |       |    55 |   352 |    30 ||   437
       Rpst.: Falchion   |       |    15 |    34 |       |       |       ||    49
       Long sword        |       |       |    17 |    11 |       |       ||    28
       Great sword       |       |       |       |       |     9 |       ||     9

Table legend:
 A = Spawn XP
 B = Non-spawn XP
 C = Spawn XP percentage of total XP
 D = Spawn monster count
 E = Non-spawn monster count
 F = Spawn count percentage of total count
 G = Total turns spent on level
                    A         B        C        D         E        F      G
               +---------+---------+-------+---------+---------+-------+---------
         Total |       0 |  105075 |   0.0 |       0 |     721 |   0.0 | 24491
               +---------+---------+-------+---------+---------+-------+---------
           D:1 |       0 |      41 |   0.0 |       0 |      20 |   0.0 |  1324
           D:2 |       0 |      59 |   0.0 |       0 |      19 |   0.0 |  1620
           D:3 |       0 |     315 |   0.0 |       0 |      26 |   0.0 |  1504
           D:4 |       0 |      53 |   0.0 |       0 |       4 |   0.0 |  1150
           D:5 |       0 |    1050 |   0.0 |       0 |      26 |   0.0 |  1401
           D:6 |       0 |     623 |   0.0 |       0 |      22 |   0.0 |  1072
           D:7 |       0 |    1959 |   0.0 |       0 |      27 |   0.0 |  1094
           D:8 |       0 |    4361 |   0.0 |       0 |      24 |   0.0 |  1166
           D:9 |       0 |     563 |   0.0 |       0 |       7 |   0.0 |   363
          D:10 |       0 |    4298 |   0.0 |       0 |      39 |   0.0 |   838
          D:11 |       0 |    5891 |   0.0 |       0 |      55 |   0.0 |  1297
          D:12 |       0 |    3168 |   0.0 |       0 |      38 |   0.0 |   724
          D:13 |       0 |    6948 |   0.0 |       0 |      38 |   0.0 |  1222
        Lair:1 |       0 |    2973 |   0.0 |       0 |      11 |   0.0 |   811
        Lair:2 |       0 |    7666 |   0.0 |       0 |      31 |   0.0 |  1008
        Lair:3 |       0 |    3726 |   0.0 |       0 |      18 |   0.0 |   848
        Lair:4 |       0 |   12633 |   0.0 |       0 |      59 |   0.0 |  1324
        Lair:5 |       0 |    1990 |   0.0 |       0 |      10 |   0.0 |   649
        Lair:6 |       0 |   15330 |   0.0 |       0 |      64 |   0.0 |  1191
      Shoals:1 |       0 |    1950 |   0.0 |       0 |       2 |   0.0 |   116
       Snake:1 |       0 |    5943 |   0.0 |       0 |      14 |   0.0 |    54
         Orc:1 |       0 |    7383 |   0.0 |       0 |      48 |   0.0 |   561
         Orc:2 |       0 |    8509 |   0.0 |       0 |      29 |   0.0 |   805
           Lab |       0 |     865 |   0.0 |       0 |       1 |   0.0 |   683
       Ossuary |       0 |     104 |   0.0 |       0 |      11 |   0.0 |   557
        Bailey |       0 |    4014 |   0.0 |       0 |      69 |   0.0 |   530
       Volcano |       0 |    2660 |   0.0 |       0 |       9 |   0.0 |   342
               +---------+---------+-------+---------+---------+-------+---------
